Map: Lost and Found LE

Players

Namshar

  • Race: Zerg Zerg
  • Spawn Location: 1:00

Harstem - Winner!

  • Race: Protoss Protoss
  • Spawn Location: 7:00

Event: WCS Valencia 2018

VOD

Have the link to the VOD?

Description

Time

  • Played on: July 12, 2018, 3:02 p.m.
  • Length: 20:37

All games in this series

Show
View Real Time Build Order
Export as new Build Order

Namshar Zerg 

Build Orders: Hatch First, Brood Lord Corruptor, Lurkers 

Get SALT Encoding   

  12  0:01  Drone  
  13  0:12  Overlord  
  13  0:17  Drone  
  14  0:30  Drone  
  14  0:31  Drone  
  14  0:34  Drone  
  17  0:51  Hatchery  
  17  0:54  Drone  
  17  0:58  Drone  
  18  1:08  Extractor  
  17  1:12  Spawning Pool  
  17  1:15  Drone  
  17  1:19  Drone  
  18  1:28  Drone  
  19  1:39  Drone  
  20  1:49  Overlord  
  20  1:58  Queen  
  22  2:03  Queen  
  22  2:04  Zergling x4  
  26  2:08  Metabolic Boost  
  26  2:11  Drone  
  26  2:15  Drone  
  28  2:23  Drone  
  28  2:25  Drone  
  30  2:34  Hatchery  
  30  2:35  Drone  
  30  2:42  Queen  
  32  2:46  Overlord  
  32  2:47  Drone  
  32  2:50  Drone  
  34  2:54  Zergling x2  
  35  2:59  Zergling x2  
  36  3:08  Zergling x6  
  36  3:09  Zergling x2  
  36  3:10  Drone  
  41  3:17  Drone x3  
  42  3:28  Drone x2  
  42  3:33  Overlord  
  43  3:36  Spore Crawler, Queen  
  43  3:38  Overlord  
  44  3:42  Spore Crawler  
  44  3:43  Overlord, Drone  
  43  3:59  Drone x9  
  50  4:07  Drone x3  
  55  4:11  Zergling x4  
  57  4:17  Queen  
  57  4:19  Drone  
  57  4:20  Drone x3  
  57  4:22  Spore Crawler  
  59  4:33  Extractor, Drone x3  
  59  4:34  Extractor  
  61  4:38  Zergling x6  
  61  4:40  Overlord  
  61  4:43  Drone x2  
  61  4:45  Roach Warren  
  64  4:46  Zergling x4  
  64  4:47  Drone  
  67  4:52  Overlord  
  67  4:53  Overlord, Drone  
  67  4:54  Drone  
  67  4:57  Evolution Chamber  
  67  4:58  Drone  
  68  5:01  Drone  
  68  5:04  Drone  
  68  5:05  Drone x3  
  73  5:09  Drone x2  
  75  5:14  Drone  
  75  5:18  Extractor  
  75  5:19  Extractor, Drone x2  
  76  5:26  Drone x5  
  76  5:27  Drone  
  79  5:30  Zergling x2  
  79  5:34  Zergling x4  
  79  5:35  Zergling x6  
  82  5:44  Lair  
  82  5:47  Drone x3  
  83  5:52  Zergling x2  
  83  5:55  Zerg Missile Weapons Level 1  
  83  5:56  Evolution Chamber  
  83  5:59  Extractor, Drone  
  83  6:00  Drone x3  
  83  6:01  Overlord  
  83  6:02  Overlord  
  83  6:04  Hatchery  
  85  6:06  Queen  
  85  6:08  Queen  
  89  6:13  Overlord x3  
  85  6:28  Drone  
  85  6:37  Zerg Ground Armor Level 1  
  85  6:40  Drone x6  
  85  6:41  Drone x2  
  85  6:43  Glial Reconstitution  
  85  6:45  Hydralisk Den  
  85  6:46  Roach x9  
  108  7:06  Extractor  
  106  7:09  Spore Crawler  
  106  7:11  Extractor  
  106  7:14  Lurker Den  
  106  7:15  Grooved Spines  
  103  7:16  Hydralisk x10  
  122  7:26  Overlord x2  
  122  7:27  Overlord  
  122  7:28  Hydralisk  
  122  7:29  Hydralisk x2  
  128  7:37  Overlord x2  
  128  7:43  Drone  
  128  7:44  Infestation Pit, Drone x2  
  128  7:49  Spine Crawler x2  
  128  7:50  Hydralisk x3  
  128  7:51  Spine Crawler  
  132  7:56  Zerg Missile Weapons Level 2  
  132  7:59  Overseer  
  132  8:03  Drone  
  132  8:04  Drone  
  132  8:05  Drone x8  
  142  8:06  Drone  
  142  8:07  Drone  
  144  8:16  Drone  
  144  8:18  Drone  
  146  8:21  Spine Crawler  
  146  8:24  Spine Crawler  
  146  8:26  Muscular Augments  
  144  8:29  Hive  
  144  8:30  Pneumatized Carapace, Drone  
  144  8:32  Spire, Queen  
  144  8:33  Hydralisk  
  148  8:46  Hydralisk  
  148  8:47  Hydralisk x5  
  157  9:01  Drone x2  
  152  9:03  Drone x2  
  152  9:04  Drone  
  152  9:05  Spine Crawler  
  152  9:08  Drone x3  
  152  9:09  Drone  
  155  9:12  Drone  
  155  9:13  Overlord x3, Drone  
  157  9:20  Hatchery  
  157  9:22  Drone  
  157  9:23  Spine Crawler, Drone  
  157  9:24  Spine Crawler  
  156  9:32  Hydralisk x4  
  156  9:38  Zerg Ground Armor Level 2  
  164  9:47  Greater Spire  
  164  9:51  Hydralisk x3  
  170  9:53  Overlord  
  168  10:11  Corruptor x2  
  168  10:12  Corruptor x6  
  184  10:23  Queen  
  184  10:25  Adaptive Talons, Zerg Missile Weapons Level 3  
  180  10:45  Overseer  
  180  10:46  Overseer  
  180  10:50  Overlord  
  180  10:59  Overlord x2  
  180  11:00  Overlord x3  
  180  11:04  Brood Lord x2  
  180  11:09  Overlord x3  
  178  11:15  Overlord  
  178  11:18  Brood Lord x6  
  180  11:24  Corruptor x3  
  196  11:27  Swarm Host  
  199  11:36  Zerg Flyer Weapons Level 1  
  199  11:39  Spore Crawler  
  198  11:40  Spine Crawler  
  181  11:52  Hydralisk x3  
  187  11:55  Zerg Melee Weapons Level 1  
  187  11:57  Extractor  
  187  11:59  Extractor, Hydralisk x2  
  187  12:00  Zergling x10  
  194  12:02  Lurker x3  
  194  12:03  Lurker x2  
  194  12:07  Hatchery  
  194  12:11  Hydralisk  
  194  12:12  Hydralisk x2  
  200  12:19  Overseer  
  198  12:27  Hatchery  
  190  12:33  Overseer x3  
  190  12:34  Overseer  
  182  12:38  Hydralisk x7  
  178  12:50  Hydralisk  
  178  12:51  Hydralisk x6  
  163  12:55  Hydralisk x2  
  163  12:56  Zergling x10  
  163  12:57  Zergling x10  
  180  12:59  Queen x3  
  186  13:07  Corruptor x2  
  190  13:14  Lurker x2  
  192  13:22  Corruptor  
  192  13:23  Corruptor  
  182  13:43  Lurker x4  
  182  13:46  Overseer  
  184  13:51  Queen  
  184  13:52  Hydralisk  
  184  13:53  Hydralisk x4  
  183  13:56  Zergling x2  
  183  13:57  Zergling x20  
  194  14:08  Drone x2  
  194  14:09  Drone x3  
  199  14:18  Overseer  
  199  14:30  Hydralisk  
  199  14:31  Hydralisk x6  
  187  14:37  Hydralisk  
  187  14:38  Hydralisk x5  
  178  14:47  Hydralisk x7  
  173  14:53  Hydralisk x8  
  189  15:01  Corruptor x2  
  189  15:02  Corruptor  
  195  15:07  Zerg Flyer Weapons Level 2, Overseer  
  195  15:15  Hydralisk  
  195  15:16  Zergling x8  
  198  15:21  Hydralisk  
  198  15:25  Overseer x2  
  198  15:26  Overseer x2  
  187  15:40  Overseer x2  
  187  15:41  Overseer x2  
  187  15:42  Overlord x4  
  170  15:58  Hydralisk x5  
  170  16:03  Hydralisk  
  145  16:14  Hydralisk  
  145  16:15  Hydralisk x3  
  145  16:16  Hydralisk x3  
  116  16:27  Hydralisk  
  122  16:33  Hydralisk x3  
  122  16:34  Hydralisk x2  
  122  16:35  Hydralisk  
  127  16:42  Overseer  
  127  16:43  Hydralisk, Overseer  
  124  16:50  Hydralisk  
  124  16:51  Hydralisk x2  
  126  17:06  Hydralisk x8  
  113  17:20  Zergling x6  
  96  17:57  Lair  
  92  17:58  Overlord x2  
  92  17:59  Spawning Pool, Overlord x3  
  91  18:08  Spore Crawler x2  
  87  18:20  Zergling x6  
  87  18:24  Zergling x6  
  89  18:55  Drone x2  
  88  18:56  Hydralisk Den  
  38  19:20  Queen  
  38  19:24  Hydralisk x5  
  38  19:25  Hydralisk x4  
  56  19:32  Hydralisk  
  58  19:38  Hydralisk x2  
  62  19:47  Hydralisk x2  
  62  19:52  Overseer  
  66  19:53  Overseer  
  58  20:09  Hydralisk  
  58  20:10  Hydralisk  
  49  20:34  Hydralisk Den  
Show
View Real Time Build Order
Export as new Build Order

Harstem Protoss - Winner!

Build Orders: Nexus First, Oracle Opening, Archon Immortal, Zealot Archon 

Get SALT Encoding   

  12  0:00  Probe  
  13  0:12  Probe  
  14  0:19  Pylon  
  14  0:24  Probe  
  15  0:33  Probe  
  15  0:41  Probe  
  17  0:58  Nexus  
  17  1:08  Gateway  
  17  1:11  Probe  
  18  1:17  Assimilator  
  18  1:23  Probe  
  18  1:24  Assimilator  
  19  1:35  Probe  
  20  1:40  Gateway  
  20  1:47  Probe  
  21  1:55  Cybernetics Core  
  21  1:59  Probe  
  22  2:04  Pylon  
  22  2:06  Probe  
  22  2:11  Probe  
  22  2:14  Probe  
  25  2:23  Adept x2, Probe  
  25  2:24  Probe  
  27  2:34  Warp Gate  
  27  2:35  Probe  
  27  2:36  Probe  
  33  2:47  Probe  
  33  2:49  Stargate, Probe  
  37  2:59  Stalker  
  37  3:00  Probe  
  37  3:01  Probe  
  39  3:08  Pylon  
  39  3:12  Probe  
  40  3:15  Probe  
  41  3:24  Probe  
  41  3:26  Oracle  
  40  3:27  Probe  
  40  3:32  Adept x2  
  43  3:35  Pylon  
  43  3:36  Probe  
  43  3:40  Probe  
  48  3:41  Assimilator  
  48  3:44  Assimilator  
  48  3:48  Probe  
  49  3:53  Pylon, Probe  
  50  4:00  Probe  
  50  4:01  Oracle  
  49  4:05  Probe  
  50  4:12  Probe  
  54  4:17  Probe  
  54  4:18  Forge  
  54  4:19  Twilight Council  
  55  4:24  Pylon  
  55  4:28  Probe  
  56  4:33  Probe  
  56  4:37  Nexus  
  57  4:41  Pylon  
  57  4:42  Phoenix  
  60  4:46  Protoss Ground Weapons Level 1  
  60  4:48  Adept x2  
  60  4:49  Probe  
  60  4:50  Charge  
  60  4:51  Probe  
  65  5:01  Probe  
  65  5:03  Probe  
  67  5:13  Probe  
  68  5:14  Gateway  
  68  5:15  Gateway, Probe  
  69  5:23  Robotics Facility, Zealot  
  69  5:25  Probe  
  69  5:26  Sentry  
  74  5:32  Cybernetics Core  
  68  5:36  Probe  
  68  5:42  Probe  
  67  5:43  Zealot  
  67  5:45  Probe x2  
  70  5:53  Probe x2  
  70  5:54  Probe  
  71  6:02  Templar Archives  
  71  6:03  Gateway, Probe  
  73  6:04  Observer, Zealot  
  73  6:07  Probe  
  78  6:12  Gateway  
  78  6:13  Zealot x3  
  78  6:17  Probe, Pylon  
  85  6:23  Shield Battery  
  85  6:25  Gateway, Immortal  
  81  6:27  Gateway  
  81  6:34  Probe  
  81  6:35  Probe  
  81  6:37  Probe  
  81  6:38  Protoss Ground Weapons Level 2  
  81  6:39  Assimilator  
  88  6:41  High Templar, Assimilator  
  88  6:42  High Templar  
  88  6:44  Pylon  
  88  6:46  Archon  
  93  6:47  High Templar x2  
  93  6:54  Archon  
  96  6:58  Probe  
  97  7:02  Warp Prism  
  97  7:06  Probe  
  98  7:10  Forge  
  98  7:14  Photon Cannon  
  100  7:21  High Templar x2  
  104  7:25  Psionic Storm  
  104  7:26  Pylon  
  104  7:28  Nexus  
  104  7:30  Zealot x2  
  104  7:34  Probe, Pylon  
  109  7:44  Immortal, Zealot x3, Probe x2  
  111  7:48  Protoss Ground Armor Level 1  
  117  7:52  Probe  
  117  7:56  Probe  
  123  7:58  Pylon  
  123  7:59  Pylon  
  123  8:04  Photon Cannon  
  123  8:05  Shield Battery, High Templar  
  125  8:08  Pylon  
  125  8:15  Photon Cannon  
  125  8:18  High Templar  
  125  8:19  High Templar x2  
  131  8:20  Probe  
  131  8:22  Photon Cannon  
  131  8:23  Photon Cannon  
  132  8:30  Assimilator  
  132  8:31  Zealot x3  
  138  8:38  Zealot  
  138  8:39  Immortal  
  140  8:47  Assimilator  
  140  8:50  Probe  
  140  8:51  Robotics Facility  
  141  8:56  Protoss Ground Weapons Level 3  
  141  9:01  Probe  
  141  9:02  Probe  
  139  9:04  Sentry  
  139  9:05  Zealot x3  
  139  9:10  Photon Cannon, Protoss Air Weapons Level 1, High Templar x2  
  139  9:11  Zealot x2, Pylon  
  139  9:16  Archon  
  147  9:21  Probe  
  148  9:25  Fleet Beacon  
  148  9:26  Immortal, Shield Battery  
  148  9:29  Immortal, Pylon  
  148  9:30  Stargate  
  152  9:42  Zealot  
  158  9:57  Zealot x6  
  158  9:58  Protoss Ground Armor Level 2  
  162  10:03  Mothership  
  160  10:08  Immortal  
  154  10:23  Tempest  
  154  10:25  Zealot x8  
  174  10:36  Tempest  
  166  10:42  Pylon x2  
  166  10:48  Pylon  
  164  10:50  Pylon  
  164  10:59  Zealot, Tempest  
  164  11:04  Photon Cannon  
  166  11:06  Photon Cannon  
  166  11:07  Shield Battery  
  166  11:10  Zealot x2  
  174  11:13  Tempest  
  174  11:17  Protoss Air Weapons Level 2  
  174  11:25  Zealot x5  
  184  11:32  Tempest  
  188  11:51  Tempest, Pylon  
  184  11:55  Pylon  
  184  12:00  High Templar  
  184  12:01  High Templar x3  
  196  12:05  Archon x2  
  185  12:18  Tempest  
  191  12:26  Protoss Ground Armor Level 3  
  175  12:32  Zealot x4  
  175  12:34  Void Ray  
  175  12:36  Protoss Shields Level 1  
  183  12:43  Probe  
  164  12:52  Void Ray  
  162  12:59  High Templar x3  
  162  13:00  Zealot x4, High Templar  
  162  13:01  Immortal  
  162  13:03  Archon  
  186  13:10  Archon  
  186  13:16  Pylon  
  186  13:17  Void Ray  
  186  13:18  Pylon  
  190  13:21  Nexus  
  185  13:34  Oracle  
  188  13:45  Photon Cannon  
  188  13:46  Shield Battery, Zealot x2  
  192  13:48  Photon Cannon  
  192  13:51  Photon Cannon  
  192  13:53  High Templar x2  
  192  13:56  High Templar  
  192  13:57  High Templar  
  196  14:09  Probe  
  195  14:21  Zealot x3  
  191  14:36  Zealot x4  
  184  14:42  Warp Prism  
  184  14:45  Zealot x3  
  175  14:57  Probe  
  178  15:03  High Templar x3  
  184  15:07  High Templar x2  
  184  15:08  High Templar  
  184  15:11  Archon x2  
  184  15:12  Archon  
  186  15:15  Immortal  
  190  15:22  Void Ray  
  190  15:24  Zealot  
  186  15:41  Zealot  
  186  15:42  Zealot x5  
  168  16:04  Zealot x4  
  144  16:24  High Templar  
  144  16:25  High Templar  
  135  16:39  High Templar x4  
  143  16:46  Archon x2  
  141  16:59  Zealot x3  
  143  17:06  Archon  
  133  17:20  Zealot x3  
  123  17:43  Observer  
  102  19:24  High Templar x2  
  102  19:25  Zealot x2  
  102  19:30  Archon  
  110  19:55  High Templar  
  110  19:56  Zealot  
  114  20:09  Zealot  
Tags
 
Add a new tag
Caveats
  • Supply blocks, unpowered buildings, or Contaminate may cause inaccurate times.
  • Supply counts are checked every 10 seconds.